 Dungeon Crawl Stone Soup version 0.24.0-37-gcf1ca852f1 (webtiles) character file.

Game seed: 4862889171791844845, levelgen mode: deterministic

3309 Mrkan the Cleaver (level 9, -4/81 HPs)
             Began as a Minotaur Fighter on Nov 25, 2019.
             Was an Elder of Wu Jian.
             Succumbed to an orc warrior's poison
             ... on level 6 of the Dungeon on Nov 26, 2019.
             The game lasted 00:10:42 (6242 turns).

Mrkan the Cleaver (Minotaur Fighter)                Turns: 6242, Time: 00:10:43

Health: -4/81      AC: 11    Str: 21    XL:     9   Next: 70%
Magic:  8/8        EV:  6    Int:  5    God:    Wu Jian [****..]
Gold:   602        SH: 12    Dex: 13    Spells: 8/8 levels left

rFire    . . .     SeeInvis .   a - +0 war axe
rCold    + . .     Gourm    .   c - +1 shield
rNeg     . . .     Faith    .   k - +2 chain mail {rC+}
rPois    .         Spirit   .   (helmet restricted)
rElec    .         Reflect  .   (no cloak)
rCorr    .         Harm     .   G - +0 pair of gloves
MR       .....                  z - +0 pair of boots
Stlth    ..........             (no amulet)
HPRegen  0.23/turn              (no ring)
MPRegen  0.11/turn              (no ring)

@: lethally poisoned (-4 -> -55), corroded
A: retaliatory headbutt, horns 2
a: Wall Jump, Serpent's Lash, Renounce Religion


You were on level 6 of the Dungeon.
You worshipped Wu Jian.
Wu Jian was greatly pleased with you.
You were not hungry.

You visited 1 branch of the dungeon, and saw 7 of its levels.
You also visited: Ossuary.

You collected 602 gold pieces.

Inventory:

Hand Weapons
 a - a +0 war axe (weapon)
Armour
 c - a +1 shield (worn)
 k - a +2 chain mail of cold resistance (worn)
 z - a +0 pair of boots (worn)
 G - a +0 pair of gloves (worn)
Jewellery
 h - an uncursed ring of stealth {unknown}
 r - an uncursed ring of positive energy {unknown}
 s - a cursed ring of teleportation {unknown}
 y - a cursed ring of attention {unknown}
 A - an uncursed ring of wizardry {unknown}
 C - an uncursed amulet of rage {unknown}
 F - an uncursed amulet of guardian spirit {unknown}
Wands
 B - a wand of flame (8)
Scrolls
 e - 3 scrolls of enchant armour
 g - 12 scrolls of identify
 j - 3 scrolls of magic mapping {unknown}
 l - 3 scrolls of enchant weapon {unknown}
 m - a scroll of random uselessness {unknown}
 n - 6 scrolls of teleportation {unknown}
 o - a scroll of immolation {unknown}
 u - 4 scrolls of blinking {unknown}
 v - a scroll of amnesia {unknown}
 w - 6 scrolls of remove curse {unknown}
Potions
 b - 3 potions of heal wounds {unknown}
 d - 3 potions of might
 i - a potion of brilliance {unknown}
 p - a potion of invisibility {unknown}
 q - a potion of cancellation {unknown}
 t - 4 potions of curing {unknown}
 x - 2 potions of lignification {unknown}
 E - a potion of flight {unknown}
Comestibles
 f - 6 rations


   Skills:
 + Level 8.3 Fighting
 * Level 10.6 Axes
 + Level 8.2 Armour
 + Level 8.2 Shields


You had 8 spell levels left.
You didn't know any spells.
Your spell library contained the following spells:

 Spells                   Type           Power        Failure   Level  Hunger
 Magic Dart               Conj           #...         100%        1    ##.....
 Blink                    Tloc           N/A          100%        2    ###....
 Call Imp                 Summ           #.......     100%        2    ###....
 Slow                     Hex            #.......     100%        2    ###....
 Conjure Flame            Conj/Fire      #.......     100%        3    ####...
 Mephitic Cloud           Conj/Pois/Air  #.......     100%        3    ####...


Dungeon Overview and Level Annotations

Branches:
Dungeon (7/15)             Temple (0/1) D:4         Ossuary (visited)

Altars:
Cheibriados
Sif Muna
Wu Jian
Xom


Innate Abilities, Weirdness & Mutations

You reflexively headbutt those who attack you in melee.
You have a pair of horns on your head.


Message History

You feel very sick.
You hear a shout!
The centaur shoots an arrow.
You block the arrow. You block the orc warrior's attack.
The centaur shoots an arrow.
You block the arrow.
You hear a shout!
* * * LOW HITPOINT WARNING * * *
You feel very sick.
The orc warrior hits you from afar with a +0 trident of venom.
* * * LOW HITPOINT WARNING * * *
You are more poisoned.
* * * LOW HITPOINT WARNING * * *
You feel very sick.
There is a stone staircase leading up here.
* * * LOW HITPOINT WARNING * * *
You feel very sick.
The orc warrior throws a stone.
You block the stone.
The centaur shoots an arrow.
You block the arrow.
You climb upwards.
You die...

#.########..### #### #.# ##......
...# ####.######.....## ##.#
#........###<..## #.# ##.##.###.#
##.## #.# ##.....# #.# #.#
##.##### #...######.# #.#
.......# ###..).......# ##'##
##.###.# #...[@..##.#####...##
##.###.## #...........###.....##
##......# #.......##.###.......#
###.....######......#.##.........
........[..............'.........
.##.....#########...#.##.........
.........# ##.##.###.......#
.#.......# ##...# ##.....##
<#.#.#...# #.### ##...##


There were no monsters in sight!

Vanquished Creatures
  A hornet (D:6)
  A wyvern (D:7)
  Eustachio (D:6)
  Duvessa (D:7)
  2 orc warriors
  A sky beast (D:5)
  2 phantoms (D:6)
  7 ogres
  3 centaurs
  An elf zombie (Ossuary)
  Blork the orc (D:6)
  A bullfrog (D:7)
  A scorpion (D:7)
  Dowan (D:7)
  2 howler monkeys
  5 crimson imps
  A jelly (D:7)
  2 orc priests
  2 hounds (D:7)
  6 orc wizards
  3 iguanas
  5 worker ants
  A big kobold zombie (Ossuary)
  A hound zombie (D:6)
  3 mummies
  7 gnolls (D:6)
  9 adders
  A shadow imp (D:5)
  4 worms
  4 dart slugs
  3 leopard geckos
  31 orcs
  9 bats
  4 giant cockroaches
  4 hobgoblins
  2 jackals (D:5)
  8 kobolds
  5 quokkas
  3 ball pythons (D:3)
  4 frilled lizards
  10 goblins
  2 goblin zombies (Ossuary)
  7 hobgoblin zombies (Ossuary)
  A kobold zombie (D:5)
  4 orc zombies
  4 rats
181 creatures vanquished.

Vanquished Creatures (others)
  An orc wizard (D:5)
1 creature vanquished.

Grand Total: 182 creatures vanquished

Notes
Turn   | Place    | Note
-------+----------+-------------------------------------------
     0 | D:1      | Mrkan the Minotaur Fighter began the quest for the Orb.
     0 | D:1      | Reached XP level 1. HP: 19/19 MP: 0/0
   230 | D:1      | Reached XP level 2. HP: 27/27 MP: 1/1
   330 | D:1      | Reached skill level 3 in Axes
   890 | D:2      | Reached XP level 3. HP: 33/33 MP: 2/2
   977 | D:2      | Found an ornate altar of the Wu Jian Council.
   988 | D:2      | Became a worshipper of the Wu Jian Council
  1066 | D:2      | Reached XP level 4. HP: 34/40 MP: 3/3
  1104 | D:2      | Found a snail-covered altar of Cheibriados.
  1466 | D:2      | Reached skill level 4 in Axes
  1571 | D:3      | Found a faded altar of an unknown god.
  2229 | D:3      | Reached * piety under Wu Jian
  2229 | D:3      | Reached XP level 5. HP: 18/47 MP: 4/4
  2678 | D:4      | Reached skill level 5 in Axes
  2731 | D:4      | Reached XP level 6. HP: 45/55 MP: 5/5
  2817 | D:4      | Reached skill level 5 in Fighting
  2817 | D:4      | Reached skill level 5 in Armour
  2819 | D:4      | Reached skill level 5 in Shields
  3007 | D:4      | Reached skill level 6 in Axes
  3007 | D:4      | Reached XP level 7. HP: 47/61 MP: 6/6
  3105 | D:4      | Found a staircase to the Ecumenical Temple.
  3458 | D:5      | Entered Level 5 of the Dungeon
  3475 | D:5      | Reached ** piety under Wu Jian
  3479 | D:5      | Found a shimmering blue altar of Sif Muna.
  3663 | D:5      | Reached skill level 7 in Axes
  3737 | D:5      | Found a sand-covered staircase.
  3745 | Ossuary  | Entered an ossuary
  3814 | Ossuary  | Reached XP level 8. HP: 51/70 MP: 7/7
  3949 | D:5      | Reached *** piety under Wu Jian
  4190 | D:5      | Found a shimmering altar of Xom.
  4203 | D:5      | Reached skill level 8 in Axes
  4568 | D:6      | Noticed Blork the orc
  4578 | D:6      | Killed Blork the orc
  4820 | D:6      | Noticed a hornet
  4829 | D:6      | Paralysed by a hornet for 1 turns
  4837 | D:6      | Killed a hornet
  4837 | D:6      | Reached skill level 9 in Axes
  5203 | D:6      | Reached XP level 9. HP: 75/79 MP: 8/8
  5233 | D:6      | Noticed Eustachio
  5257 | D:6      | Killed Eustachio
  5646 | D:7      | Noticed Dowan
  5647 | D:7      | Noticed Duvessa
  5659 | D:7      | Killed Dowan
  5661 | D:7      | Killed Duvessa
  5661 | D:7      | Reached skill level 10 in Axes
  6237 | D:7      | Reached **** piety under Wu Jian
  6241 | D:7      | HP: 1/81 [poisoned by an orc warrior]
  6242 | D:6      | Succumbed to an orc warrior's poison

Levels and vault maps discovered:
D:1:      giann_wishing_wells, layout_loops_ring, minmay_misc_feat_alley,
          minmay_pentomino_u4
D:2:      layout_loops_ring, lemuel_round_altar, lemuel_crystal_altar,
          corexii_hall_statues_i
D:3:      layout_rooms, first_ration, chequers_ecumenical_altar_simple,
          minmay_fountain_box, chequers_arboretum, serial_park_tiny_2,
          lightli_corner_chamber
D:4:      layout_cave_pods, temple_hall
D:5:      wad_crossroads, layout_rooms, overflow_temple_1_default, led_sif_book,
          nicolae_ossuary_entry_giza
D:6:      layout_loops_corners, uniq_eustachio, uniq_blork_the_orc
D:7:      layout_cave_pools, lemuel_zombie_altar_kikubaaqudgha, hex_tiny,
          uniq_duvessa

Skill      XL: |  1  2  3  4  5  6  7  8  9 |
---------------+----------------------------+-----
Axes           | 3 4 5 6 7 9 10 | 10.6
Shields        | 4 5 6 7 8 |  8.2
Fighting       | 4 5 6 7 8 |  8.3
Armour         | 4 5 6 7 8 |  8.2

Action                   |  1- 3 |  4- 6 |  7- 9 || total
-------------------------+-------+-------+-------++-------
Melee: War axe           |   120 |   146 |   315 ||   581
       Headbutt          |    12 |    23 |    81 ||   116
Invok: Lunge             |     4 |     7 |    16 ||    27
       Whirlwind         |       |     5 |    16 ||    21
  Use: Scroll            |       |     2 |       ||     2
  Eat: Chunk             |     1 |     6 |    11 ||    18
Armor: Scale mail        |    23 |       |       ||    23
       Chain mail        |    60 |    80 |   113 ||   253
Dodge: Dodged            |    38 |    32 |    48 ||   118
Block: Shield            |    65 |    80 |   165 ||   310
